Comets vs Firebirds
(R1)
Created - November 11, 2024 at 19:32
Goals
|
Comets |
1 |
2 |
1 |
4 |
Firebirds |
1 |
1 |
1 |
3 |
|
Shots
|
Comets |
8 |
16 |
11 |
35 |
Firebirds |
12 |
8 |
8 |
28 |
|
1st period
1. Comets , Conor Garland 2 (Eeli Tolvanen 1, Marcus Bjork 5) at 5:26
2. Firebirds , Jonah Gadjovich 3 (Jakub Zboril 10, Cayden Primeau) at 18:40
Penalties :
Jonah Gadjovich (Coa) for Roughing (Minor) at 6:18
2nd period
3. Comets , Brett Seney 1 (Joonas Donskoi 7, Jake Bean 1) at 5:26
4. Firebirds , Fredrik Olofsson 4 (Maksim Sushko 2, Jasper Weatherby 2) at 8:36
5. Comets , Brett Seney 2 (Joonas Donskoi 8, Mason Marchment 3) at 13:24
Penalties :
Charlie McAvoy (Coa) for Tripping (Minor) at 1:54, Vincent Desharnais (Uti) for Delaying the game (Minor) at 14:01, Eric Robinson (Coa) for Slashing (Minor) at 19:44
3rd period
6. Firebirds , Nikita Alexandrov 1 (Matej Blumel 1) at 2:27
7. Comets , Brett Seney 3 (Joonas Donskoi 9, Ilya Lyubushkin 3) at 2:37
Penalties :
Victor Mete (Coa) for High sticking (Minor) at 15:54
Goalie Stats
Akira Schmid (Uti), 25 saves from 28 shots - (0.893), W, 1-1-0, 60:00 minutes
Cayden Primeau (Coa), 31 saves from 35 shots - (0.886), L, 4-4-2, 60:00 minutes
Players Stats for Comets
Player Name G A P +/- PIM S H SB GA TA FO MP PP MP PK MP
------------------------------------------------------------------------------------
Alex Turcotte 0 0 0 0 0 0 0 0 0 0 0/0 9:43 0:00 0:00
Alexandre Texier 0 0 0 0 0 5 0 0 0 0 0/1 12:59 0:25 0:00
Brett Howden 0 0 0 -1 0 1 0 0 0 0 4/12 16:51 3:26 0:36
Brett Seney 3 0 3 2 0 5 0 0 0 1 18/32 21:34 4:24 0:59
Christian Wolanin 0 0 0 1 0 2 3 0 0 0 0/0 21:03 4:11 1:13
Conor Garland 1 0 1 -1 0 1 0 0 1 0 0/0 16:15 3:26 0:00
Cristiano Digiacinto 0 0 0 0 0 1 0 0 0 0 0/0 15:17 3:10 0:48
David Kase 0 0 0 0 0 1 2 3 0 0 0/0 9:43 0:00 0:00
Eeli Tolvanen 0 1 1 -1 0 0 0 0 0 1 0/0 13:10 0:06 0:12
Filip Roos 0 0 0 0 0 0 1 0 0 0 0/0 5:18 0:00 0:00
Ilya Lyubushkin 0 1 1 1 0 4 4 1 0 5 0/0 25:09 3:29 1:13
Jake Bean 0 1 1 -1 0 1 2 0 1 0 0/0 20:00 3:45 0:46
John Hayden 0 0 0 0 0 3 2 0 0 0 0/3 11:41 0:00 0:25
Joonas Donskoi 0 3 3 2 0 6 1 1 0 0 1/2 19:38 4:30 0:00
Marcus Bjork 0 1 1 1 0 1 0 2 0 0 0/0 14:35 0:42 0:00
Mason Marchment 0 1 1 2 0 1 0 0 0 0 0/1 21:30 4:21 0:58
Nikita Nesterenko 0 0 0 0 0 2 2 0 0 0 3/4 9:43 0:00 0:00
Vincent Desharnais 0 0 0 1 2 1 2 0 0 0 0/0 13:51 0:00 0:00
Wyatt Kalynuk 0 0 0 -1 0 0 0 0 1 0 0/0 20:00 3:45 0:46
Players Stats for Firebirds
Player Name G A P +/- PIM S H SB GA TA FO MP PP MP PK MP
------------------------------------------------------------------------------------
Artur Kayumov 0 0 0 0 0 0 0 0 0 0 0/0 0:00 0:00 0:00
Charlie McAvoy 0 0 0 -2 2 1 0 3 0 0 0/0 23:56 1:00 3:22
Corey Shueneman 0 0 0 0 0 0 0 0 1 1 0/0 18:06 0:59 2:56
Dylan Coghlan 0 0 0 0 0 2 1 1 0 0 0/0 18:06 0:59 2:56
Eric Robinson 0 0 0 -1 2 4 2 1 1 0 1/1 16:38 0:58 1:44
Fredrik Olofsson 1 0 1 1 0 3 0 0 1 0 0/1 11:57 0:00 0:25
Hayden Hodgson 0 0 0 -2 0 4 2 0 0 0 2/7 21:47 1:01 3:42
Jacob Middleton 0 0 0 0 0 0 1 0 0 0 0/0 8:52 0:00 0:42
Jake Evans 0 0 0 -2 0 2 2 0 0 0 9/20 20:14 1:01 2:03
Jakub Zboril 0 1 1 -2 0 2 4 2 2 1 0/0 24:49 1:00 4:18
Jasper Weatherby 0 1 1 1 0 1 1 0 0 0 3/3 12:11 0:00 0:39
John Ludvig 0 0 0 0 0 0 0 0 0 0 0/0 0:00 0:00 0:00
Jonah Gadjovich 1 0 1 1 2 1 0 0 0 0 0/0 7:31 0:00 0:00
Kyle Capobianco 0 0 0 0 0 0 0 1 0 0 0/0 8:41 0:00 0:31
Maksim Sushko 0 1 1 1 0 0 2 0 0 0 0/0 11:32 0:00 0:00
Matej Blumel 0 1 1 1 0 0 0 0 0 0 0/0 7:32 0:00 0:00
Matthew Kiersted 0 0 0 1 0 0 0 1 0 0 0/0 8:42 0:00 0:29
Nikita Alexandrov 1 0 1 1 0 3 1 0 0 0 4/5 7:32 0:00 0:00
Parker Kelly 0 0 0 0 0 0 0 0 0 0 1/1 1:50 0:00 1:32
Pierre-Luc Dubois 0 0 0 -1 0 3 5 1 0 0 6/13 16:42 0:58 2:05
Sasha Chmelevski 0 0 0 0 0 0 0 0 0 0 0/0 0:00 0:00 0:00
Stelio Mattheos 0 0 0 0 0 0 0 0 0 0 0/0 0:00 0:00 0:00
Thomas Spelling 0 0 0 -2 0 2 1 0 2 1 3/4 21:47 1:01 3:42
Victor Mete 0 0 0 1 2 0 0 0 0 0 0/0 9:04 0:00 0:38
Wade Allison 0 0 0 -1 0 0 1 0 0 0 0/0 14:31 0:58 0:00
3 Stars
1 - Brett Seney (Uti)
2 - Joonas Donskoi (Uti)
3 - Ilya Lyubushkin (Uti)
Power Play
Comets - 0 on 4 Attempt(s) - 0.00%
Firebirds - 0 on 1 Attempt(s) - 0.00%
Penalty Kill
Comets - 1 on 1 Attempt(s) - 100.00%
- Score 0 goal in Penalty Kill
Firebirds - 4 on 4 Attempt(s) - 100.00%
- Score 0 goal in Penalty Kill
Team Stat
Comets - Hits : 19 - Faceoff Wins : 26 - Blocked Shots : 7 - Penalty Minutes : 2
Firebirds - Hits : 23 - Faceoff Wins : 29 - Blocked Shots : 10 - Penalty Minutes : 8
Official
Referees : Trevor Hanson and Kevin Pollock
Linesman : Brian Mach and Mark Shewchyk
Game Notes
Brett Seney has scored a Hat Trick!
Finance
Level 1 -- Attendance: 1786 (89.30%) -- Ticket Income $125,020
Level 2 -- Attendance: 931 (93.10%) -- Ticket Income $37,240
Total Attendance: 2717 (90.57%)
Total Ticket Income: $162,260
Other Income: $8,113
Total Income: $170,373
Comets
5 vs 5 Forward
Center Left Wing Right Wing Time % Phy DF OF
1 Brett Seney Mason Marchment Joonas Donskoi 35 0 2 3
2 Brett Howden Eeli Tolvanen Conor Garland 28 0 2 3
3 John Hayden Cristiano Digiacinto Alexandre Texier 22 0 2 3
4 Nikita Nesterenko Alex Turcotte David Kase 15 0 2 3
5 vs 5 Defense
Defense Defense Time % Phy DF OF
1 Ilya Lyubushkin Christian Wolanin 35 1 3 1
2 Jake Bean Wyatt Kalynuk 30 1 3 1
3 Marcus Bjork Vincent Desharnais 25 1 3 1
4 Filip Roos Ilya Lyubushkin 10 1 3 1
PowerPlay Forward
Center Left Wing Right Wing Time % Phy DF OF
1 Brett Seney Mason Marchment Joonas Donskoi 60 0 0 5
2 Brett Howden Cristiano Digiacinto Conor Garland 40 0 0 5
PowerPlay Defense
Defense Defense Time % Phy DF OF
1 Ilya Lyubushkin Christian Wolanin 60 0 2 3
2 Jake Bean Wyatt Kalynuk 40 0 2 3
Penalty Kill 4 Players Forward
Center Wing Time % Phy DF OF
1 Brett Seney Mason Marchment 60 1 3 1
2 Brett Howden Cristiano Digiacinto 40 1 3 1
Penalty Kill 4 Players Defense
Defense Defense Time % Phy DF OF
1 Ilya Lyubushkin Christian Wolanin 60 1 4 0
2 Jake Bean Wyatt Kalynuk 40 1 4 0
Penalty Kill - 3 Players Forward
Forward Time % Phy DF OF
1 Brett Seney 60 1 3 1
2 Brett Howden 40 1 3 1
Penalty Kill - 3 Players Defense
Defense Defense Time % Phy DF OF
1 Ilya Lyubushkin Christian Wolanin 60 1 4 0
2 Jake Bean Wyatt Kalynuk 40 1 4 0
4 vs 4 Forward
Center Wing Time % Phy DF OF
1 Brett Seney Mason Marchment 60 0 2 3
2 Brett Howden Cristiano Digiacinto 40 0 2 3
4 vs 4 Defense
Defense Defense Time % Phy DF OF
1 Ilya Lyubushkin Christian Wolanin 60 0 3 2
2 Jake Bean Wyatt Kalynuk 40 0 3 2
Last Minutes Offensive
Center Left Wing Right Wing Defense Defense
Brett Seney Mason Marchment Conor Garland Ilya Lyubushkin Christian Wolanin
Last Minutes Defensive
Center Left Wing Right Wing Defense Defense
Brett Seney Mason Marchment Conor Garland Ilya Lyubushkin Christian Wolanin
Goaltenders
Starting : Akira Schmid
Backup : Juuse Saros
Extra Forwards
Normal : Brett Howden, Alexandre Texier, Cristiano Digiacinto - PP : Brett Howden, Alexandre Texier - PK : Brett Howden
Extra Defensemen
Normal : Marcus Bjork, Vincent Desharnais, Filip Roos - PP : Marcus Bjork - PK : Marcus Bjork, Vincent Desharnais
Penalty Shots
Conor Garland, Brett Seney, Joonas Donskoi, Mason Marchment, Brett Howden
Custom OT Lines Forwards
Conor Garland, Brett Seney, Joonas Donskoi, Mason Marchment, Brett Howden, Alexandre Texier, Cristiano Digiacinto, Eeli Tolvanen, John Hayden, David Kase
Custom OT Lines Defensemen
Ilya Lyubushkin, Christian Wolanin, Jake Bean, Wyatt Kalynuk, Marcus Bjork
Scratches
Nicolas Roy (Broken Left Index Finger Injury), Valeri Nichushkin (Back Spasms Injury), Graeme Clarke (Healthy)
Firebirds
5 vs 5 Forward
Center Left Wing Right Wing Time % Phy DF OF
1 Jake Evans Hayden Hodgson Thomas Spelling 40 1 2 2
2 Pierre-Luc Dubois Eric Robinson Wade Allison 30 1 2 2
3 Jasper Weatherby Fredrik Olofsson Maksim Sushko 20 1 2 2
4 Nikita Alexandrov Jonah Gadjovich Matej Blumel 10 1 2 2
5 vs 5 Defense
Defense Defense Time % Phy DF OF
1 Jakub Zboril Charlie McAvoy 40 1 2 2
2 Corey Shueneman Dylan Coghlan 30 1 2 2
3 Victor Mete Matthew Kiersted 20 1 2 2
4 Jacob Middleton Kyle Capobianco 10 1 2 2
PowerPlay Forward
Center Left Wing Right Wing Time % Phy DF OF
1 Jake Evans Hayden Hodgson Thomas Spelling 60 1 2 2
2 Pierre-Luc Dubois Eric Robinson Wade Allison 40 1 2 2
PowerPlay Defense
Defense Defense Time % Phy DF OF
1 Jakub Zboril Charlie McAvoy 60 1 2 2
2 Corey Shueneman Dylan Coghlan 40 1 2 2
Penalty Kill 4 Players Forward
Center Wing Time % Phy DF OF
1 Hayden Hodgson Thomas Spelling 60 1 2 2
2 Jake Evans Pierre-Luc Dubois 40 1 2 2
Penalty Kill 4 Players Defense
Defense Defense Time % Phy DF OF
1 Jakub Zboril Charlie McAvoy 60 1 2 2
2 Corey Shueneman Dylan Coghlan 40 1 2 2
Penalty Kill - 3 Players Forward
Forward Time % Phy DF OF
1 Hayden Hodgson 60 1 2 2
2 Thomas Spelling 40 1 2 2
Penalty Kill - 3 Players Defense
Defense Defense Time % Phy DF OF
1 Jakub Zboril Charlie McAvoy 60 1 2 2
2 Corey Shueneman Dylan Coghlan 40 1 2 2
4 vs 4 Forward
Center Wing Time % Phy DF OF
1 Hayden Hodgson Thomas Spelling 60 1 2 2
2 Jake Evans Pierre-Luc Dubois 40 1 2 2
4 vs 4 Defense
Defense Defense Time % Phy DF OF
1 Jakub Zboril Charlie McAvoy 60 1 2 2
2 Corey Shueneman Dylan Coghlan 40 1 2 2
Last Minutes Offensive
Center Left Wing Right Wing Defense Defense
Jake Evans Hayden Hodgson Thomas Spelling Jakub Zboril Charlie McAvoy
Last Minutes Defensive
Center Left Wing Right Wing Defense Defense
Jake Evans Hayden Hodgson Thomas Spelling Jakub Zboril Charlie McAvoy
Goaltenders
Starting : Cayden Primeau
Backup : Jakub Skarek
Extra Forwards
Normal : Artur Kayumov, Sasha Chmelevski, Parker Kelly - PP : Artur Kayumov, Sasha Chmelevski - PK : Parker Kelly
Extra Defensemen
Normal : John Ludvig, Victor Mete, Matthew Kiersted - PP : John Ludvig - PK : Victor Mete, Matthew Kiersted
Penalty Shots
Hayden Hodgson, Thomas Spelling, Jake Evans, Pierre-Luc Dubois, Eric Robinson
Custom OT Lines Forwards
Hayden Hodgson, Thomas Spelling, Jake Evans, Pierre-Luc Dubois, Eric Robinson, Fredrik Olofsson, Wade Allison, Jasper Weatherby, Jonah Gadjovich, Maksim Sushko
Custom OT Lines Defensemen
Jakub Zboril, Charlie McAvoy, Corey Shueneman, Dylan Coghlan, Victor Mete
Scratches
Jacob Olofsson (Healthy), Valentin Nussbaumer (Healthy), Maxence Guenette (Healthy), Bobby Brink (Healthy), Ian Scott (Healthy)
% Time on Ice - Comets
Lines # - Real PCT - Wanted PCT - Time Play
Normal Forward
1 - 31% - 35% - 15:21
2 - 26% - 28% - 12:49
3 - 23% - 22% - 11:03
4 - 20% - 15% - 9:43
Normal Defense
1 - 31% - 35% - 15:12
2 - 32% - 30% - 15:29
3 - 26% - 25% - 12:57
4 - 11% - 10% - 5:18
PP Forward
1 - 57% - 60% - 4:30
2 - 43% - 40% - 3:26
PP Defense
1 - 53% - 60% - 4:11
2 - 47% - 40% - 3:45
PK Forward
1 - 87% - 60% - 1:44
2 - 13% - 40% - 0:15
PK Defense
1 - 61% - 60% - 1:13
2 - 39% - 40% - 0:46
PK3 Forward
1 - 0% - 60%
2 - 0% - 40%
PK3 Defense
1 - 0% - 60%
2 - 0% - 40%
44 Forward
1 - 0% - 60%
2 - 0% - 40%
44 Defense
1 - 0% - 60%
2 - 0% - 40%
Last Minute Offensive - 0:00
Last Minute Defensive - 1:09
Total
Forward - 60:00
Defense - 60:00
|
% Time on Ice - Firebirds
Lines # - Real PCT - Wanted PCT - Time Play
Normal Forward
1 - 33% - 40% - 16:10
2 - 28% - 30% - 13:39
3 - 24% - 20% - 11:32
4 - 15% - 10% - 7:32
Normal Defense
1 - 37% - 40% - 18:19
2 - 29% - 30% - 14:11
3 - 17% - 20% - 8:13
4 - 17% - 10% - 8:10
PP Forward
1 - 51% - 60% - 1:01
2 - 49% - 40% - 0:58
PP Defense
1 - 50% - 60% - 1:00
2 - 50% - 40% - 0:59
PK Forward
1 - 74% - 60% - 5:51
2 - 26% - 40% - 2:05
PK Defense
1 - 63% - 60% - 5:00
2 - 37% - 40% - 2:56
PK3 Forward
1 - 0% - 60%
2 - 0% - 40%
PK3 Defense
1 - 0% - 60%
2 - 0% - 40%
44 Forward
1 - 0% - 60%
2 - 0% - 40%
44 Defense
1 - 0% - 60%
2 - 0% - 40%
Last Minute Offensive - 1:12
Last Minute Defensive - 0:00
Total
Forward - 60:00
Defense - 60:00
|
Play-by-Play
1st period
0:01 of 1st period - Brett Seney wins face-off versus Jake Evans in neutral zone.
0:06 of 1st period - Slapshot by Joonas Donskoi.
0:06 of 1st period - Shot Blocked by Jakub Zboril.
0:30 of 1st period - Charlie McAvoy is hit by Ilya Lyubushkin and loses puck.
1:01 of 1st period - Slapshot by Jakub Zboril.
1:01 of 1st period - Stopped by Akira Schmid without a rebound.
1:02 of 1st period - Nikita Alexandrov wins face-off versus Nikita Nesterenko in Comets zone.
1:05 of 1st period - Wrist shot by Jonah Gadjovich.
1:05 of 1st period - Shot Misses the Net.
1:07 of 1st period - Snap shot by Matej Blumel.
1:07 of 1st period - Shot Misses the Net.
1:09 of 1st period - Backhand shot by Corey Shueneman.
1:09 of 1st period - Shot Misses the Net.
1:11 of 1st period - Wrist shot by Nikita Alexandrov.
1:11 of 1st period - Shot Blocked by David Kase.
1:13 of 1st period - Slapshot by Dylan Coghlan.
1:13 of 1st period - Shot Misses the Net.
1:15 of 1st period - Snap shot by Matej Blumel.
1:15 of 1st period - Shot Blocked by Marcus Bjork.
1:17 of 1st period - Wrist shot by Dylan Coghlan.
1:17 of 1st period - Stopped by Akira Schmid with a rebound.
2:07 of 1st period - Cristiano Digiacinto is hit by Hayden Hodgson and loses puck.
2:50 of 1st period - Snap shot by Thomas Spelling.
2:50 of 1st period - Stopped by Akira Schmid without a rebound.
2:51 of 1st period - Pierre-Luc Dubois wins face-off versus Brett Howden in Comets zone.
3:16 of 1st period - Dylan Coghlan is hit by Ilya Lyubushkin.
3:46 of 1st period - Backhand shot by Mason Marchment.
3:46 of 1st period - Deflect By Brett Seney.
3:46 of 1st period - Shot Misses the Net.
3:46 of 1st period - Puck is out of play.
3:47 of 1st period - Brett Howden wins face-off versus Pierre-Luc Dubois in Firebirds zone.
3:58 of 1st period - Snap shot by Eric Robinson.
3:58 of 1st period - Stopped by Akira Schmid with a rebound.
4:21 of 1st period - Icing by Ilya Lyubushkin.
4:22 of 1st period - Brett Seney wins face-off versus Pierre-Luc Dubois in Comets zone.
4:22 of 1st period - Brett Seney is hit by Pierre-Luc Dubois.
4:32 of 1st period - Wrist shot by Brett Seney.
4:32 of 1st period - Stopped by Cayden Primeau with a rebound.
4:35 of 1st period - Icing by Jakub Zboril.
4:36 of 1st period - Brett Howden wins face-off versus Pierre-Luc Dubois in Firebirds zone.
4:37 of 1st period - Wrist shot by Conor Garland.
4:37 of 1st period - Shot Blocked by Charlie McAvoy.
5:26 of 1st period - Wrist shot by Conor Garland.
5:26 of 1st period - Goal by Conor Garland - Comets : 1 - Firebirds : 0.
5:27 of 1st period - Thomas Spelling wins face-off versus Brett Seney in neutral zone.
5:30 of 1st period - Christian Wolanin is hit by Jacob Middleton and loses puck.
6:14 of 1st period - Slapshot by Alexandre Texier.
6:14 of 1st period - Shot Misses the Net.
6:16 of 1st period - Slapshot by Wyatt Kalynuk.
6:16 of 1st period - Shot Misses the Net.
6:18 of 1st period - Minor Penalty to Jonah Gadjovich for Roughing.
6:19 of 1st period - Brett Seney wins face-off versus Hayden Hodgson in Firebirds zone.
8:18 of 1st period - Penalty to Jonah Gadjovich is over, Jonah Gadjovich is back on ice.
8:30 of 1st period - Matthew Kiersted is hit by Christian Wolanin and loses puck.
8:46 of 1st period - Icing by Matej Blumel.
8:47 of 1st period - Nikita Alexandrov wins face-off versus John Hayden in Firebirds zone.
9:05 of 1st period - Icing by Fredrik Olofsson.
9:06 of 1st period - Nikita Nesterenko wins face-off versus Jake Evans in Firebirds zone.
9:53 of 1st period - Kyle Capobianco is hit by Filip Roos and loses puck.
10:02 of 1st period - Wrist shot by Brett Seney.
10:02 of 1st period - Shot Misses the Net.
10:54 of 1st period - Ilya Lyubushkin is hit by Pierre-Luc Dubois and loses puck.
11:03 of 1st period - Pierre-Luc Dubois is hit by Ilya Lyubushkin and loses puck.
11:20 of 1st period - Slapshot by Christian Wolanin.
11:20 of 1st period - Stopped by Cayden Primeau without a rebound.
11:21 of 1st period - Jasper Weatherby wins face-off versus Mason Marchment in Firebirds zone.
11:46 of 1st period - Jake Bean is hit by Thomas Spelling and loses puck.
12:29 of 1st period - Wrist shot by Nikita Alexandrov.
12:29 of 1st period - Shot Misses the Net.
12:31 of 1st period - Snap shot by Corey Shueneman.
12:31 of 1st period - Shot Blocked by David Kase.
12:33 of 1st period - Snap shot by Corey Shueneman.
12:33 of 1st period - Deflect By Nikita Alexandrov.
12:33 of 1st period - Stopped by Akira Schmid with a rebound.
12:45 of 1st period - Jakub Zboril is hit by Joonas Donskoi and loses puck.
12:52 of 1st period - Wrist shot by Joonas Donskoi.
12:52 of 1st period - Stopped by Cayden Primeau with a rebound.
12:54 of 1st period - Backhand shot by Joonas Donskoi.
12:54 of 1st period - Stopped by Cayden Primeau without a rebound.
12:55 of 1st period - Jake Evans wins face-off versus Brett Seney in Firebirds zone.
13:10 of 1st period - Wrist shot by Brett Seney.
13:10 of 1st period - Shot Misses the Net.
13:31 of 1st period - Icing by Jakub Zboril.
13:32 of 1st period - Jake Evans wins face-off versus Brett Howden in Firebirds zone.
13:39 of 1st period - Snap shot by Thomas Spelling.
13:39 of 1st period - Shot Misses the Net.
13:41 of 1st period - Slapshot by Jakub Zboril.
13:41 of 1st period - Shot Misses the Net.
13:55 of 1st period - Wyatt Kalynuk is hit by Hayden Hodgson and loses puck.
14:08 of 1st period - Slapshot by Jake Evans.
14:08 of 1st period - Shot Misses the Net.
14:10 of 1st period - Slapshot by Thomas Spelling.
14:10 of 1st period - Shot Misses the Net.
14:16 of 1st period - Backhand shot by Hayden Hodgson.
14:16 of 1st period - Stopped by Akira Schmid without a rebound.
14:17 of 1st period - Pierre-Luc Dubois wins face-off versus Brett Howden in Comets zone.
14:51 of 1st period - Snap shot by Alexandre Texier.
14:51 of 1st period - Stopped by Cayden Primeau without a rebound.
14:52 of 1st period - Brett Seney wins face-off versus Pierre-Luc Dubois in Firebirds zone.
15:49 of 1st period - Snap shot by John Hayden.
15:49 of 1st period - Stopped by Cayden Primeau without a rebound.
15:50 of 1st period - Brett Seney wins face-off versus Jake Evans in Firebirds zone.
15:55 of 1st period - Snap shot by Brett Seney.
15:55 of 1st period - Shot Misses the Net.
15:57 of 1st period - Slapshot by Ilya Lyubushkin.
15:57 of 1st period - Stopped by Cayden Primeau with a rebound.
16:15 of 1st period - Ilya Lyubushkin is hit by Wade Allison and loses puck.
16:20 of 1st period - Snap shot by Pierre-Luc Dubois.
16:20 of 1st period - Stopped by Akira Schmid with a rebound.
17:20 of 1st period - Snap shot by Jake Evans.
17:20 of 1st period - Shot Blocked by Joonas Donskoi.
18:19 of 1st period - Jakub Zboril is hit by David Kase and loses puck.
18:24 of 1st period - Snap shot by David Kase.
18:24 of 1st period - Shot Misses the Net.
18:40 of 1st period - Slapshot by Jonah Gadjovich.
18:40 of 1st period - Goal by Jonah Gadjovich - Comets : 1 - Firebirds : 1.
18:41 of 1st period - Jake Evans wins face-off versus Brett Seney in neutral zone.
18:51 of 1st period - Wrist shot by Hayden Hodgson.
18:51 of 1st period - Stopped by Akira Schmid with a rebound.
18:53 of 1st period - Slapshot by Dylan Coghlan.
18:53 of 1st period - Shot Blocked by Ilya Lyubushkin.
18:55 of 1st period - Wrist shot by Thomas Spelling.
18:55 of 1st period - Stopped by Akira Schmid with a rebound.
18:57 of 1st period - Backhand shot by Dylan Coghlan.
18:57 of 1st period - Stopped by Akira Schmid with a rebound.
19:07 of 1st period - Slapshot by Pierre-Luc Dubois.
19:07 of 1st period - Shot Misses the Net.
19:09 of 1st period - Wrist shot by Eric Robinson.
19:09 of 1st period - Stopped by Akira Schmid with a rebound.
Goals for this period are 1 for Comets vs 1 for Firebirds.
Shots for this period are 8 for Comets vs 12 for Firebirds.
2nd period
0:01 of 2nd period - Brett Seney wins face-off versus Jake Evans in neutral zone.
0:04 of 2nd period - Snap shot by Christian Wolanin.
0:04 of 2nd period - Deflect By Joonas Donskoi.
0:04 of 2nd period - Deflect By Thomas Spelling.
0:04 of 2nd period - Shot Blocked by Dylan Coghlan.
0:04 of 2nd period - Puck is out of play.
0:05 of 2nd period - Jake Evans wins face-off versus Brett Seney in Firebirds zone.
1:38 of 2nd period - Snap shot by Jake Evans.
1:38 of 2nd period - Stopped by Akira Schmid with a rebound.
1:40 of 2nd period - Snap shot by Jake Evans.
1:40 of 2nd period - Shot Misses the Net.
1:50 of 2nd period - Wrist shot by John Hayden.
1:50 of 2nd period - Stopped by Cayden Primeau without a rebound.
1:51 of 2nd period - Pierre-Luc Dubois wins face-off versus Brett Seney in Firebirds zone.
1:51 of 2nd period - Pierre-Luc Dubois is hit by Jake Bean.
1:54 of 2nd period - Minor Penalty to Charlie McAvoy for Tripping.
1:55 of 2nd period - Parker Kelly wins face-off versus Brett Seney in Firebirds zone.
2:21 of 2nd period - Cristiano Digiacinto is hit by Eric Robinson.
2:39 of 2nd period - Joonas Donskoi is hit by Jasper Weatherby and loses puck.
3:08 of 2nd period - Icing by Conor Garland.
3:09 of 2nd period - Jasper Weatherby wins face-off versus Brett Howden in Comets zone.
3:54 of 2nd period - Penalty to Charlie McAvoy is over, Charlie McAvoy is back on ice.
4:25 of 2nd period - Wrist shot by Jonah Gadjovich.
4:25 of 2nd period - Deflect By Matej Blumel.
4:25 of 2nd period - Shot Blocked by Marcus Bjork.
4:25 of 2nd period - Puck is out of play.
4:26 of 2nd period - Nikita Alexandrov wins face-off versus Brett Howden in Comets zone.
4:33 of 2nd period - Wrist shot by Nikita Alexandrov.
4:33 of 2nd period - Shot Misses the Net.
5:13 of 2nd period - Wrist shot by David Kase.
5:13 of 2nd period - Stopped by Cayden Primeau without a rebound.
5:14 of 2nd period - Nikita Nesterenko wins face-off versus Fredrik Olofsson in Firebirds zone.
5:15 of 2nd period - Slapshot by Jake Bean.
5:15 of 2nd period - Deflect By Nikita Nesterenko.
5:15 of 2nd period - Stopped by Cayden Primeau with a rebound.
5:20 of 2nd period - Off-side.
5:21 of 2nd period - Brett Seney wins face-off versus Hayden Hodgson in neutral zone.
5:24 of 2nd period - Slapshot by Jake Bean.
5:24 of 2nd period - Shot Misses the Net.
5:26 of 2nd period - Wrist shot by Joonas Donskoi.
5:26 of 2nd period - Deflect By Brett Seney.
5:26 of 2nd period - Goal by Brett Seney - Comets : 2 - Firebirds : 1.
5:27 of 2nd period - Pierre-Luc Dubois wins face-off versus Brett Seney in neutral zone.
5:36 of 2nd period - Wrist shot by Eric Robinson.
5:36 of 2nd period - Stopped by Akira Schmid without a rebound.
5:37 of 2nd period - Brett Seney wins face-off versus Pierre-Luc Dubois in Comets zone.
6:00 of 2nd period - Snap shot by Jakub Zboril.
6:00 of 2nd period - Shot Misses the Net.
6:02 of 2nd period - Snap shot by Jakub Zboril.
6:02 of 2nd period - Shot Misses the Net.
6:04 of 2nd period - Snap shot by Pierre-Luc Dubois.
6:04 of 2nd period - Shot Misses the Net.
6:43 of 2nd period - Snap shot by Joonas Donskoi.
6:43 of 2nd period - Shot Blocked by Pierre-Luc Dubois.
7:29 of 2nd period - Slapshot by Charlie McAvoy.
7:29 of 2nd period - Stopped by Akira Schmid with a rebound.
7:31 of 2nd period - Slapshot by Pierre-Luc Dubois.
7:31 of 2nd period - Stopped by Akira Schmid with a rebound.
7:33 of 2nd period - Wrist shot by Eric Robinson.
7:33 of 2nd period - Shot Misses the Net.
7:40 of 2nd period - Icing by Wyatt Kalynuk.
7:41 of 2nd period - Brett Seney wins face-off versus Jake Evans in Comets zone.
8:34 of 2nd period - Wrist shot by Fredrik Olofsson.
8:34 of 2nd period - Shot Misses the Net.
8:36 of 2nd period - Snap shot by Fredrik Olofsson.
8:36 of 2nd period - Goal by Fredrik Olofsson - Comets : 2 - Firebirds : 2.
8:37 of 2nd period - Brett Howden wins face-off versus Thomas Spelling in neutral zone.
9:03 of 2nd period - Victor Mete is hit by Nikita Nesterenko and loses puck.
9:46 of 2nd period - John Hayden is hit by Dylan Coghlan and loses puck.
10:19 of 2nd period - Jakub Zboril is hit by Ilya Lyubushkin and loses puck.
11:09 of 2nd period - Marcus Bjork is hit by Eric Robinson and loses puck.
11:45 of 2nd period - Wrist shot by Nikita Alexandrov.
11:45 of 2nd period - Stopped by Akira Schmid without a rebound.
11:46 of 2nd period - Brett Seney wins face-off versus Nikita Alexandrov in Comets zone.
11:46 of 2nd period - Brett Seney is hit by Nikita Alexandrov.
12:29 of 2nd period - Wrist shot by John Hayden.
12:29 of 2nd period - Shot Misses the Net.
12:31 of 2nd period - Wrist shot by Ilya Lyubushkin.
12:31 of 2nd period - Stopped by Cayden Primeau without a rebound.
12:32 of 2nd period - Eric Robinson wins face-off versus John Hayden in Firebirds zone.
12:41 of 2nd period - Wrist shot by John Hayden.
12:41 of 2nd period - Deflect By Alexandre Texier.
12:41 of 2nd period - Stopped by Cayden Primeau with a rebound.
12:43 of 2nd period - Slapshot by Marcus Bjork.
12:43 of 2nd period - Stopped by Cayden Primeau with a rebound.
12:45 of 2nd period - Wrist shot by Cristiano Digiacinto.
12:45 of 2nd period - Stopped by Cayden Primeau without a rebound.
12:46 of 2nd period - Brett Seney wins face-off versus Jake Evans in Firebirds zone.
12:47 of 2nd period - Wrist shot by Joonas Donskoi.
12:47 of 2nd period - Stopped by Cayden Primeau without a rebound.
12:48 of 2nd period - Brett Seney wins face-off versus Jake Evans in Firebirds zone.
12:53 of 2nd period - Snap shot by Joonas Donskoi.
12:53 of 2nd period - Stopped by Cayden Primeau without a rebound.
12:54 of 2nd period - Brett Seney wins face-off versus Jake Evans in Firebirds zone.
13:14 of 2nd period - Slapshot by Brett Seney.
13:14 of 2nd period - Deflect By Mason Marchment.
13:14 of 2nd period - Stopped by Cayden Primeau with a rebound.
13:16 of 2nd period - Snap shot by Joonas Donskoi.
13:16 of 2nd period - Shot Misses the Net.
13:18 of 2nd period - Snap shot by Brett Seney.
13:18 of 2nd period - Stopped by Cayden Primeau with a rebound.
13:22 of 2nd period - Snap shot by Joonas Donskoi.
13:22 of 2nd period - Shot Blocked by Charlie McAvoy.
13:24 of 2nd period - Wrist shot by Brett Seney.
13:24 of 2nd period - Goal by Brett Seney - Comets : 3 - Firebirds : 2.
13:25 of 2nd period - Jake Evans wins face-off versus Brett Howden in neutral zone.
13:51 of 2nd period - Brett Seney is hit by Pierre-Luc Dubois.
13:59 of 2nd period - Slapshot by Pierre-Luc Dubois.
13:59 of 2nd period - Shot Misses the Net.
14:01 of 2nd period - Minor Penalty to Vincent Desharnais for Delaying the game.
14:02 of 2nd period - Jake Evans wins face-off versus Brett Seney in Comets zone.
14:47 of 2nd period - Snap shot by Jake Evans.
14:47 of 2nd period - Stopped by Akira Schmid with a rebound.
15:23 of 2nd period - Brett Howden is hit by Pierre-Luc Dubois and loses puck.
16:01 of 2nd period - Penalty to Vincent Desharnais is over, Vincent Desharnais is back on ice.
16:02 of 2nd period - Corey Shueneman is hit by Vincent Desharnais and loses puck.
16:45 of 2nd period - Snap shot by Jonah Gadjovich.
16:45 of 2nd period - Shot Misses the Net.
16:47 of 2nd period - Snap shot by Kyle Capobianco.
16:47 of 2nd period - Shot Misses the Net.
16:57 of 2nd period - Snap shot by Conor Garland.
16:57 of 2nd period - Shot Blocked by Kyle Capobianco.
17:25 of 2nd period - Jake Evans is hit by John Hayden.
18:12 of 2nd period - Icing by Conor Garland.
18:13 of 2nd period - Pierre-Luc Dubois wins face-off versus Brett Howden in Comets zone.
18:35 of 2nd period - Wrist shot by Joonas Donskoi.
18:35 of 2nd period - Stopped by Cayden Primeau without a rebound.
18:36 of 2nd period - Pierre-Luc Dubois wins face-off versus Brett Seney in Firebirds zone.
18:36 of 2nd period - Pierre-Luc Dubois is hit by Vincent Desharnais.
18:42 of 2nd period - Vincent Desharnais is hit by Pierre-Luc Dubois and loses puck.
18:49 of 2nd period - Snap shot by Brett Seney.
18:49 of 2nd period - Shot Misses the Net.
19:03 of 2nd period - Conor Garland is hit by Jake Evans and loses puck.
19:12 of 2nd period - Snap shot by Hayden Hodgson.
19:12 of 2nd period - Stopped by Akira Schmid without a rebound.
19:13 of 2nd period - Jake Evans wins face-off versus John Hayden in Comets zone.
19:17 of 2nd period - Icing by Cristiano Digiacinto.
19:18 of 2nd period - Jake Evans wins face-off versus Alexandre Texier in Comets zone.
19:44 of 2nd period - Minor Penalty to Eric Robinson for Slashing.
19:45 of 2nd period - Brett Seney wins face-off versus Hayden Hodgson in Firebirds zone.
19:57 of 2nd period - Wrist shot by Joonas Donskoi.
19:57 of 2nd period - Stopped by Cayden Primeau with a rebound.
19:59 of 2nd period - Wrist shot by Ilya Lyubushkin.
19:59 of 2nd period - Stopped by Cayden Primeau with a rebound.
Goals for this period are 2 for Comets vs 1 for Firebirds.
Shots for this period are 16 for Comets vs 8 for Firebirds.
3rd period
0:01 of 3rd period - Hayden Hodgson wins face-off versus Brett Seney in neutral zone.
0:08 of 3rd period - Christian Wolanin is hit by Jakub Zboril and loses puck.
0:35 of 3rd period - Off-side.
0:36 of 3rd period - Brett Seney wins face-off versus Hayden Hodgson in neutral zone.
0:38 of 3rd period - Off-side.
0:39 of 3rd period - Brett Seney wins face-off versus Hayden Hodgson in neutral zone.
1:14 of 3rd period - Wrist shot by Brett Howden.
1:14 of 3rd period - Shot Misses the Net.
1:44 of 3rd period - Penalty to Eric Robinson is over, Eric Robinson is back on ice.
1:44 of 3rd period - Charlie McAvoy is hit by Christian Wolanin and loses puck.
2:00 of 3rd period - Maksim Sushko is hit by Nikita Nesterenko and loses puck.
2:05 of 3rd period - Backhand shot by Alex Turcotte.
2:05 of 3rd period - Shot Misses the Net.
2:19 of 3rd period - Snap shot by Alexandre Texier.
2:19 of 3rd period - Deflect By Cristiano Digiacinto.
2:19 of 3rd period - Shot Misses the Net.
2:19 of 3rd period - Puck is out of play.
2:20 of 3rd period - Nikita Alexandrov wins face-off versus Brett Howden in Firebirds zone.
2:27 of 3rd period - Snap shot by Nikita Alexandrov.
2:27 of 3rd period - Goal by Nikita Alexandrov - Comets : 3 - Firebirds : 3.
2:28 of 3rd period - Joonas Donskoi wins face-off versus Jake Evans in neutral zone.
2:37 of 3rd period - Slapshot by Brett Seney.
2:37 of 3rd period - Goal by Brett Seney - Comets : 4 - Firebirds : 3.
2:38 of 3rd period - Thomas Spelling wins face-off versus Brett Seney in neutral zone.
2:40 of 3rd period - Off-side.
2:41 of 3rd period - Jake Evans wins face-off versus Joonas Donskoi in neutral zone.
3:39 of 3rd period - Vincent Desharnais is hit by Maksim Sushko.
4:20 of 3rd period - Nikita Alexandrov is hit by Jake Bean and loses puck.
4:27 of 3rd period - John Hayden is hit by Jakub Zboril and loses puck.
5:01 of 3rd period - Icing by Jake Bean.
5:02 of 3rd period - Jasper Weatherby wins face-off versus Brett Seney in Comets zone.
5:27 of 3rd period - Snap shot by Alexandre Texier.
5:27 of 3rd period - Shot Misses the Net.
5:51 of 3rd period - Kyle Capobianco is hit by Christian Wolanin and loses puck.
6:10 of 3rd period - Backhand shot by Alex Turcotte.
6:10 of 3rd period - Shot Misses the Net.
6:12 of 3rd period - Slapshot by Vincent Desharnais.
6:12 of 3rd period - Stopped by Cayden Primeau without a rebound.
6:13 of 3rd period - Brett Seney wins face-off versus Pierre-Luc Dubois in Firebirds zone.
6:29 of 3rd period - Slapshot by Marcus Bjork.
6:29 of 3rd period - Shot Misses the Net.
6:39 of 3rd period - Wade Allison is hit by John Hayden and loses puck.
6:44 of 3rd period - Wrist shot by John Hayden.
6:44 of 3rd period - Shot Blocked by Eric Robinson.
6:46 of 3rd period - Backhand shot by Alexandre Texier.
6:46 of 3rd period - Stopped by Cayden Primeau with a rebound.
6:48 of 3rd period - Snap shot by John Hayden.
6:48 of 3rd period - Shot Misses the Net.
6:50 of 3rd period - Slapshot by Jake Bean.
6:50 of 3rd period - Shot Blocked by Charlie McAvoy.
7:04 of 3rd period - Snap shot by Hayden Hodgson.
7:04 of 3rd period - Stopped by Akira Schmid with a rebound.
7:06 of 3rd period - Slapshot by Charlie McAvoy.
7:06 of 3rd period - Shot Misses the Net.
7:08 of 3rd period - Wrist shot by Hayden Hodgson.
7:08 of 3rd period - Shot Misses the Net.
7:24 of 3rd period - Maksim Sushko is hit by David Kase and loses puck.
7:29 of 3rd period - Slapshot by Wyatt Kalynuk.
7:29 of 3rd period - Deflect By Alex Turcotte.
7:29 of 3rd period - Shot Misses the Net.
7:29 of 3rd period - Puck is out of play.
7:30 of 3rd period - Brett Seney wins face-off versus Jake Evans in Firebirds zone.
7:45 of 3rd period - Wrist shot by Brett Seney.
7:45 of 3rd period - Shot Misses the Net.
7:57 of 3rd period - Ilya Lyubushkin is hit by Maksim Sushko and loses puck.
8:44 of 3rd period - Wrist shot by Eric Robinson.
8:44 of 3rd period - Stopped by Akira Schmid with a rebound.
8:46 of 3rd period - Slapshot by Pierre-Luc Dubois.
8:46 of 3rd period - Stopped by Akira Schmid with a rebound.
8:48 of 3rd period - Snap shot by Wade Allison.
8:48 of 3rd period - Shot Misses the Net.
9:55 of 3rd period - Icing by Ilya Lyubushkin.
9:56 of 3rd period - Nikita Nesterenko wins face-off versus Pierre-Luc Dubois in Comets zone.
10:06 of 3rd period - Slapshot by Charlie McAvoy.
10:06 of 3rd period - Shot Misses the Net.
10:08 of 3rd period - Snap shot by Wade Allison.
10:08 of 3rd period - Shot Misses the Net.
10:10 of 3rd period - Slapshot by Jakub Zboril.
10:10 of 3rd period - Stopped by Akira Schmid without a rebound.
10:11 of 3rd period - Brett Howden wins face-off versus Jake Evans in Comets zone.
10:11 of 3rd period - Brett Howden is hit by Jakub Zboril.
10:49 of 3rd period - Wrist shot by Alexandre Texier.
10:49 of 3rd period - Stopped by Cayden Primeau with a rebound.
11:33 of 3rd period - Snap shot by Fredrik Olofsson.
11:33 of 3rd period - Stopped by Akira Schmid with a rebound.
11:35 of 3rd period - Wrist shot by Maksim Sushko.
11:35 of 3rd period - Shot Misses the Net.
11:37 of 3rd period - Slapshot by Jasper Weatherby.
11:37 of 3rd period - Shot Misses the Net.
12:15 of 3rd period - Snap shot by John Hayden.
12:15 of 3rd period - Shot Blocked by Matthew Kiersted.
12:17 of 3rd period - Wrist shot by Cristiano Digiacinto.
12:17 of 3rd period - Shot Misses the Net.
12:19 of 3rd period - Slapshot by Jake Bean.
12:19 of 3rd period - Stopped by Cayden Primeau with a rebound.
12:21 of 3rd period - Wrist shot by John Hayden.
12:21 of 3rd period - Stopped by Cayden Primeau with a rebound.
12:33 of 3rd period - Snap shot by Brett Seney.
12:33 of 3rd period - Shot Misses the Net.
12:39 of 3rd period - Snap shot by Jasper Weatherby.
12:39 of 3rd period - Stopped by Akira Schmid with a rebound.
13:12 of 3rd period - Wrist shot by Brett Howden.
13:12 of 3rd period - Stopped by Cayden Primeau with a rebound.
13:14 of 3rd period - Backhand shot by Christian Wolanin.
13:14 of 3rd period - Stopped by Cayden Primeau with a rebound.
15:03 of 3rd period - Backhand shot by Ilya Lyubushkin.
15:03 of 3rd period - Stopped by Cayden Primeau with a rebound.
15:05 of 3rd period - Snap shot by Nikita Nesterenko.
15:05 of 3rd period - Stopped by Cayden Primeau with a rebound.
15:54 of 3rd period - Minor Penalty to Victor Mete for High sticking.
15:55 of 3rd period - Hayden Hodgson wins face-off versus Brett Seney in Firebirds zone.
17:54 of 3rd period - Penalty to Victor Mete is over, Victor Mete is back on ice.
18:11 of 3rd period - Snap shot by Fredrik Olofsson.
18:11 of 3rd period - Stopped by Akira Schmid with a rebound.
18:13 of 3rd period - Slapshot by Corey Shueneman.
18:13 of 3rd period - Shot Misses the Net.
18:15 of 3rd period - Slapshot by Jasper Weatherby.
18:15 of 3rd period - Shot Misses the Net.
18:17 of 3rd period - Slapshot by Dylan Coghlan.
18:17 of 3rd period - Shot Blocked by David Kase.
19:12 of 3rd period - Alexandre Texier is hit by Jake Evans and loses puck.
19:28 of 3rd period - Wrist shot by Alexandre Texier.
19:28 of 3rd period - Stopped by Cayden Primeau with a rebound.
19:30 of 3rd period - Wrist shot by Brett Seney.
19:30 of 3rd period - Shot Misses the Net.
19:32 of 3rd period - Snap shot by Vincent Desharnais.
19:32 of 3rd period - Deflect By Brett Seney.
19:32 of 3rd period - Shot Blocked by Jakub Zboril.
19:32 of 3rd period - Puck is out of play.
19:33 of 3rd period - Paul Maurice call a timeout for Firebirds.
19:33 of 3rd period - Thomas Spelling wins face-off versus Brett Seney in Firebirds zone.
19:40 of 3rd period - Brett Seney is hit by Jakub Zboril and loses puck.
Goals for this period are 1 for Comets vs 1 for Firebirds.
Shots for this period are 11 for Comets vs 8 for Firebirds.